PL
RICHARDSON CITY THUNDERCATS @ PHOENIX HOTSPUR
09/14/2028
 
TOP OF THE 1ST
Richardson City Thundercats batting - Pitching for Phoenix Hotspur : RHP Pablo De La Torre
Pitching: RHP Pablo De La Torre
Batting: SHB Mitch Qualtrough 0-0: Foul Ball, location: 2F
0-1: Swinging Strike
0-2: Ball
1-2: Ball
2-2: Strikes out swinging
Batting: LHB Fernando Ramírez 0-0: Ground out 6-3 (Groundball, 6M)
Batting: RHB Anselmo Berneu 0-0: Ball
1-0: Ball
2-0: Called Strike
2-1: SOLO HOME RUN (Flyball, 8LXD), Distance : 433 ft
Batting: RHB Tomás Martínez 0-0: Called Strike
0-1: Swinging Strike
0-2: Ball
1-2: Ball
2-2: Ball
3-2: SOLO HOME RUN (Flyball, 7D), Distance : 395 ft
Batting: RHB Alden Wiley 0-0: Called Strike
0-1: Ground out 6-3 (Groundball, 6)
Top of the 1st over - 2 run(s), 2 hit(s), 0 error(s), 0 left on base; Richardson City 2 - Phoenix 0
BOTTOM OF THE 1ST
Phoenix Hotspur batting - Pitching for Richardson City Thundercats : RHP Josef van der Poel
Pitching: RHP Josef van der Poel
Batting: RHB Roland Deschain 0-0: SINGLE (Groundball, 6MD)
Batting: LHB Francisco García 0-0: Ball
Throwing error on steal attempt, E2
Roland Deschain to third
1-0: Foul Ball, location: 2F
1-1: Fly out, F8 (Flyball, 8LM)
Runner from 3rd tags up, SCORES, no throw
Batting: RHB Gabriel Pérez 0-0: Foul Ball, location: 2F
0-1: Ball
1-1: Ball
2-1: Swinging Strike
2-2: Foul Ball, location: 2F
2-2: Strikes out looking
Batting: LHB Mario Cruz 0-0: Called Strike
0-1: Foul Ball, location: 2F
0-2: Ground out U3 (Groundball, 34)
Bottom of the 1st over - 1 run(s), 1 hit(s), 1 error(s), 0 left on base; Richardson City 2 - Phoenix 1
TOP OF THE 2ND
Richardson City Thundercats batting - Pitching for Phoenix Hotspur : RHP Pablo De La Torre
Batting: RHB Pedro Castillo 0-0: Called Strike
0-1: Bunt for hit - play at first, batter OUT! 1-3
Batting: RHB IV Seacat 0-0: Called Strike
0-1: Called Strike
0-2: Foul Ball, location: 2F
0-2: Ball
1-2: Ball
2-2: Fly out, F6 (Popup, 5D)
Batting: LHB Carroll Martin 0-0: Called Strike
0-1: Called Strike
0-2: Strikes out looking
Top of the 2nd over - 0 run(s), 0 hit(s), 0 error(s), 0 left on base; Richardson City 2 - Phoenix 1
BOTTOM OF THE 2ND
Phoenix Hotspur batting - Pitching for Richardson City Thundercats : RHP Josef van der Poel
Batting: RHB Alex Niemann 0-0: Ball
1-0: Called Strike
1-1: Ball
2-1: Foul Ball, location: 2F
2-2: Ball
3-2: Foul Ball, location: 2F
3-2: Base on Balls
Batting: LHB Shojiro Ueda 0-0: Ball
1-0: Ball
2-0: Ball
3-0: Base on Balls
Alex Niemann to second
Batting: LHB Luis Díaz 0-0: Called Strike
0-1: Foul Ball, location: 2F
0-2: Grounds into double play, 6-4-3 (Groundball, 6)
Alex Niemann to third
Batting: LHB Rafael Sánchez 0-0: Foul Ball, location: 2F
0-1: Fly out, F8 (Flyball, 8LM)
Bottom of the 2nd over - 0 run(s), 0 hit(s), 0 error(s), 1 left on base; Richardson City 2 - Phoenix 1
TOP OF THE 3RD
Richardson City Thundercats batting - Pitching for Phoenix Hotspur : RHP Pablo De La Torre
Batting: RHB Joey Jones 0-0: Foul Ball, location: 2F
0-1: Foul Ball, location: 2F
0-2: Foul Ball, location: 2F
0-2: Ball
1-2: Ball
2-2: Foul Ball, location: 2F
2-2: Strikes out swinging
Batting: SHB Mitch Qualtrough 0-0: Called Strike
0-1: Ball
1-1: Ball
2-1: SINGLE (Groundball, 34D)
Batting: LHB Fernando Ramírez 0-0: Ball
1-0: Ball
Wild Pitch!
Mitch Qualtrough to second
2-0: Fly out, F6 (Line Drive, 6M)
Batting: RHB Anselmo Berneu 0-0: Ball
1-0: Called Strike
1-1: Foul Ball, location: 2F
1-2: SINGLE (Line Drive, 34D)
Mitch Qualtrough to third
Runner from 3rd tries for Home, SAFE, no throw
Batting: RHB Tomás Martínez 0-0: Ball
1-0: Foul Ball, location: 2F
1-1: SINGLE (Flyball, 6MD)
Anselmo Berneu to second
Batting: RHB Alden Wiley 0-0: Swinging Strike
0-1: Called Strike
0-2: Ball
Passed Ball!
Anselmo Berneu to third
Tomás Martínez to second
1-2: Foul Ball, location: 2F
1-2: Foul Ball, location: 2F
1-2: Strikes out looking
Top of the 3rd over - 1 run(s), 3 hit(s), 0 error(s), 2 left on base; Richardson City 3 - Phoenix 1
BOTTOM OF THE 3RD
Phoenix Hotspur batting - Pitching for Richardson City Thundercats : RHP Josef van der Poel
Batting: RHB Randy Rehling 0-0: Ball
1-0: Foul Ball, location: 2F
1-1: Called Strike
1-2: Strikes out swinging
Batting: RHB Roland Deschain 0-0: Ground out 6-3 (Groundball, 6)
Batting: LHB Francisco García 0-0: Fly out, F3 (Popup, 3L)
Bottom of the 3rd over - 0 run(s), 0 hit(s), 0 error(s), 0 left on base; Richardson City 3 - Phoenix 1
TOP OF THE 4TH
Richardson City Thundercats batting - Pitching for Phoenix Hotspur : RHP Pablo De La Torre
Batting: RHB Pedro Castillo 0-0: Bunt missed!
0-1: Ball
1-1: Called Strike
1-2: Strikes out swinging
Batting: RHB IV Seacat 0-0: Foul Ball, location: 2F
0-1: Ball
1-1: Swinging Strike
1-2: Ball
2-2: Ball
3-2: Strikes out looking
Batting: LHB Carroll Martin 0-0: Called Strike
0-1: Ground out 6-3 (Groundball, 6)
Top of the 4th over - 0 run(s), 0 hit(s), 0 error(s), 0 left on base; Richardson City 3 - Phoenix 1
BOTTOM OF THE 4TH
Phoenix Hotspur batting - Pitching for Richardson City Thundercats : RHP Josef van der Poel
Batting: RHB Gabriel Pérez 0-0: Fly out, F8 (Flyball, 8LS)
Batting: LHB Mario Cruz 0-0: Ball
1-0: Ground out U3 (Groundball, 34)
Batting: RHB Alex Niemann 0-0: Foul Ball, location: 2F
0-1: Fly out, F8 (Flyball, 89S)
Bottom of the 4th over - 0 run(s), 0 hit(s), 0 error(s), 0 left on base; Richardson City 3 - Phoenix 1
TOP OF THE 5TH
Richardson City Thundercats batting - Pitching for Phoenix Hotspur : RHP Pablo De La Torre
Batting: RHB Joey Jones 0-0: Ball
1-0: Ground out 4-3 (Groundball, 4)
Batting: SHB Mitch Qualtrough 0-0: Fly out, F8 (Line Drive, 8LM)
Batting: LHB Fernando Ramírez 0-0: Ball
1-0: Ball
2-0: Foul Ball, location: 2F
2-1: Called Strike
2-2: Ground out 4-3 (Groundball, 4)
Top of the 5th over - 0 run(s), 0 hit(s), 0 error(s), 0 left on base; Richardson City 3 - Phoenix 1
BOTTOM OF THE 5TH
Phoenix Hotspur batting - Pitching for Richardson City Thundercats : RHP Josef van der Poel
Batting: LHB Shojiro Ueda 0-0: Reached on error, E6 (Groundball, 56)
Batting: LHB Luis Díaz 0-0: Ball
1-0: SINGLE (Groundball, 56D)
Shojiro Ueda to second
Batting: LHB Rafael Sánchez 0-0: Ball
1-0: Swinging Strike
1-1: Bunted foul
1-2: Ball
2-2: Ball
3-2: Ground out 3-1 (Groundball, 23)
Shojiro Ueda to third
Luis Díaz to second
Batting: RHB Randy Rehling 0-0: Ball
1-0: Swinging Strike
1-1: Swinging Strike
1-2: SINGLE (Line Drive, 78M)
Shojiro Ueda scores
Luis Díaz to third
Batting: RHB Roland Deschain 0-0: Ball
1-0: Called Strike
1-1: Ball
2-1: Foul Ball, location: 2F
2-2: Fly out, F8 (Flyball, 8LM)
Runner from 3rd tags up, SCORES, throw made
Batting: LHB Francisco García 0-0: Ground out 4-3 (Groundball, 34)
Bottom of the 5th over - 2 run(s), 2 hit(s), 1 error(s), 1 left on base; Richardson City 3 - Phoenix 3
TOP OF THE 6TH
Richardson City Thundercats batting - Pitching for Phoenix Hotspur : RHP Pablo De La Torre
Batting: RHB Anselmo Berneu 0-0: Called Strike
0-1: Called Strike
0-2: Ball
1-2: Ball
2-2: SINGLE (Groundball, 6MD)
Batting: RHB Tomás Martínez 0-0: Fielders Choice at 2nd, 1-6 (Groundball, 13)
Batting: RHB Alden Wiley 0-0: Ball
1-0: Called Strike
1-1: Ball
2-1: Swinging Strike
2-2: Strikes out looking
Batting: RHB Pedro Castillo 0-0: Foul Ball, location: 2F
0-1: Called Strike
0-2: Strikes out looking
Top of the 6th over - 0 run(s), 1 hit(s), 0 error(s), 1 left on base; Richardson City 3 - Phoenix 3
BOTTOM OF THE 6TH
Phoenix Hotspur batting - Pitching for Richardson City Thundercats : RHP Josef van der Poel
Batting: RHB Gabriel Pérez 0-0: Ball
1-0: Ball
2-0: SINGLE (Groundball, 34D)
Batting: LHB Mario Cruz 0-0: Swinging Strike
0-1: SINGLE (Groundball, 6MD)
Gabriel Pérez to second
Runner from 2nd tries for 3rd, SAFE, throw made to third
Batting: RHB Alex Niemann 0-0: Ball
1-0: Called Strike
1-1: Ball
Wild Pitch!
Gabriel Pérez scores
Mario Cruz to second
2-1: Ground out 3-1 (Groundball, 34)
Mario Cruz to third
Batting: LHB Shojiro Ueda 0-0: Swinging Strike
0-1: Foul Ball, location: 2F
0-2: Fly out, F7 (Flyball, 7S)
Batting: LHB Luis Díaz 0-0: Called Strike
0-1: Ball
1-1: Foul Ball, location: 2F
1-2: Ball
2-2: SINGLE (Flyball, 78S)
Mario Cruz scores
Pitching: RHP Dave Reed
Batting: LHB Rafael Sánchez 0-0: Called Strike
0-1: Foul Ball, location: 2F
0-2: Ball
1-2: Foul Ball, location: 2F
1-2: SINGLE (Line Drive, 8RS)
Luis Díaz to second
Runner from 2nd tries for 3rd, SAFE, throw made to third
Batting: RHB Randy Rehling 0-0: Ball
1-0: Foul Ball, location: 2F
1-1: Ball
2-1: Called Strike
2-2: Ball
3-2: Ground out 6-3 (Groundball, 56)
Bottom of the 6th over - 2 run(s), 4 hit(s), 0 error(s), 2 left on base; Richardson City 3 - Phoenix 5
TOP OF THE 7TH
Richardson City Thundercats batting - Pitching for Phoenix Hotspur : RHP Pablo De La Torre
Batting: RHB IV Seacat 0-0: Called Strike
0-1: Called Strike
0-2: Ball
1-2: Ball
2-2: Strikes out swinging
Batting: LHB Carroll Martin 0-0: Ball
1-0: Ball
2-0: TRIPLE (Flyball, 9LM)
Pitching: RHP Scott William
Batting: RHB Joey Jones 0-0: Fly out, F8 (Flyball, 8RD)
Runner from 3rd tags up, SCORES, no throw
Batting: SHB Mitch Qualtrough 0-0: Ball
1-0: Ball
2-0: Swinging Strike
2-1: Foul Ball, location: 2F
2-2: SINGLE (Groundball, 4MD)
Batting: LHB Fernando Ramírez 0-0: Called Strike
Mitch Qualtrough steals 2nd base
0-1: Ball
1-1: Foul Ball, location: 2F
1-2: Ground out 4-3 (Groundball, 4)
Top of the 7th over - 1 run(s), 2 hit(s), 0 error(s), 1 left on base; Richardson City 4 - Phoenix 5
BOTTOM OF THE 7TH
Phoenix Hotspur batting - Pitching for Richardson City Thundercats : RHP Dave Reed
Batting: RHB Roland Deschain 0-0: Foul Ball, location: 2F
0-1: Ball
1-1: Foul Ball, location: 2F
1-2: Foul Ball, location: 2F
1-2: SINGLE (Line Drive, 9LS)
Batting: LHB Francisco García 0-0: Ball
Roland Deschain is caught stealing 2nd base
1-0: Ball
2-0: Foul Ball, location: 2F
2-1: Called Strike
2-2: Strikes out swinging
Batting: RHB Gabriel Pérez 0-0: Ball
1-0: Foul Ball, location: 2F
1-1: Swinging Strike
1-2: Strikes out swinging
Bottom of the 7th over - 0 run(s), 1 hit(s), 0 error(s), 0 left on base; Richardson City 4 - Phoenix 5
TOP OF THE 8TH
Richardson City Thundercats batting - Pitching for Phoenix Hotspur : RHP Scott William
Pitching: RHP Mitchell Atwell
Batting: RHB Anselmo Berneu 0-0: Fly out, F7 (Flyball, 7D)
Batting: RHB Tomás Martínez 0-0: Swinging Strike
0-1: Swinging Strike
0-2: Ball
1-2: Strikes out swinging
Batting: RHB Alden Wiley 0-0: Foul Ball, location: 2F
0-1: Ball
1-1: Ball
2-1: Fly out, F8 (Flyball, 8LM)
Top of the 8th over - 0 run(s), 0 hit(s), 0 error(s), 0 left on base; Richardson City 4 - Phoenix 5
BOTTOM OF THE 8TH
Phoenix Hotspur batting - Pitching for Richardson City Thundercats : RHP Dave Reed
Pitching: RHP Bo Tubbs
Batting: LHB Mario Cruz 0-0: Called Strike
0-1: Fly out, F4 (Line Drive, 4)
Batting: RHB Alex Niemann 0-0: Called Strike
0-1: Ball
1-1: Foul Ball, location: 2F
1-2: Foul Ball, location: 2F
1-2: Ball
2-2: Foul Ball, location: 2F
2-2: Fly out, F2 (Popup, 3S)
Batting: LHB Shojiro Ueda 0-0: Ball
1-0: Swinging Strike
1-1: Ball
2-1: Foul Ball, location: 2F
2-2: Foul Ball, location: 2F
2-2: Ball
3-2: SINGLE (Groundball, 6MD)
Batting: LHB Luis Díaz 0-0: Called Strike
0-1: Called Strike
0-2: Ball
1-2: Ball
Pickoff Throw to First - Out!
Bottom of the 8th over - 0 run(s), 1 hit(s), 0 error(s), 0 left on base; Richardson City 4 - Phoenix 5
TOP OF THE 9TH
Richardson City Thundercats batting - Pitching for Phoenix Hotspur : RHP Mitchell Atwell
Pitching: RHP Jaime van de Weideven
Batting: RHB Pedro Castillo 0-0: Called Strike
0-1: Ball
1-1: Swinging Strike
1-2: Foul Ball, location: 2F
1-2: Fly out, F9 (Flyball, 9S)
Batting: RHB IV Seacat 0-0: SINGLE (Groundball, 34D)
Batting: LHB Carroll Martin 0-0: Ball
1-0: Foul Ball, location: 2F
1-1: Fielders Choice at 2nd, 4-6 (Groundball, 4)
Batting: RHB Joey Jones 0-0: Ball
1-0: Foul Ball, location: 2F
1-1: Ball
2-1: Fly out, F7 (Flyball, 78D)
Top of the 9th over - 0 run(s), 1 hit(s), 0 error(s), 1 left on base; Richardson City 4 - Phoenix 5
Tuesday, September 5th, 2017 - OOTP Baseball 17.12 Build 75